[Event "26th OIBM 2023"]
[Site "Gmund am Tegernsee"]
[Date "2023.11.05"]
[Round "9.7"]
[White "Besou, Hussain"]
[Black "Bauer, Christian"]
[Result "0-1"]
[ECO "A40"]
[WhiteElo "2351"]
[BlackElo "2552"]
[Annotator "TA"]
[PlyCount "60"]
[EventDate "2023.10.04"]
[EventType "swiss"]
[EventCountry "GER"]
[SourceTitle "playchess.com"]
[Source "ChessBase"]
[SourceQuality "1"]
[TimeControl "40/5400+30:1800+30"]

1. d4 e6 2. c4 Bb4+ 3. Bd2 a5 4. e4 d5 5. cxd5 exd5 6. e5 {[%emt 0:06:18] [#] A40: Unusual replies to 1 d4.} Nh6 $146 (6... Ne7 $11 {feels stronger.}) ({Predecessor:} 6... Nc6 7. a3 Bxd2+ 8. Qxd2 Nge7 9. Bb5 O-O 10. Ne2 b6 11. Nbc3 Ba6 12. Bxa6 Rxa6 {½-½ Dzagnidze,N (2510)-Paehtz,E (2477) Global Chess League rapid 2023 (3.5)}) 7. a3 (7. Nc3 $14) 7... Bxd2+ $1 $11 8. Qxd2 {[%emt 0:00:05] The position is equal.} f6 9. Nc3 {[%emt 0:07:57] aiming for exf6.} O-O 10. f4 fxe5 11. fxe5 (11. dxe5 $5 c6 12. Nf3 $11) 11... Ng4 {[%emt 0:22:56] And now ...Nf2 would win.} 12. Nh3 {[%emt 0:01:55] Wards off Nf2} (12. Nf3 Rxf3 13. gxf3 Qh4+ 14. Kd1 Nf2+ 15. Kc1 Nxh1 $17) 12... c5 {[%emt 0:05:34] Black is more active.} 13. Nf4 {[%emt 0:22:56] [#] Black converts the advantage convincingly.} ({Better is} 13. dxc5 $15 d4 14. O-O-O (14. Bc4+ Kh8 $17)) 13... Nc6 $1 $17 14. dxc5 {[%emt 0:07:59] [#]} (14. Bb5 $17) 14... d4 $1 $19 ({Stronger than} 14... Ngxe5 15. Qxd5+ Qxd5 16. Ncxd5 $11) 15. Bc4+ (15. O-O-O $142) 15... Kh8 16. Ncd5 {[%emt 0:01:03] Prevents Ne3.} Ngxe5 ({Worse is} 16... Ncxe5 17. Ba2 Qh4+ 18. g3 Nf3+ 19. Ke2 Nxd2 20. gxh4 $17) 17. Ba2 g5 18. Ne2 Be6 19. Nb6 (19. Nxd4 $142 Bxd5 20. Nxc6 Bxc6 21. Qc3) 19... Bxa2 20. Rxa2 Rb8 21. h4 d3 22. Nc3 gxh4 23. Ncd5 Qe8 24. Kd1 Rd8 {[%emt 0:05:49][%cal Od8d5] Hoping for ...Rxd5!} 25. b4 Qe6 26. Ne3 Qb3+ 27. Kc1 Nd4 {[%emt 0:00:18][%cal Bc6d4,Bd4e2,Be2c3][%mdl 32] ( -> ...Ne2+)} 28. Rb2 {[%emt 0:00:34] White is weak on the light squares} Ne2+ 29. Kb1 Nc3+ 30. Kc1 Qxa3 {[%emt 0:00:14] Artfully played by Bauer.   Weighted Error Value: White=1.30/Black=0.45} 0-1

[Event "26th OIBM 2023"]
[Site "Gmund am Tegernsee"]
[Date "2023.11.05"]
[Round "9.8"]
[White "Kulaots, Kaido"]
[Black "Unuk, Laura"]
[Result "1-0"]
[ECO "C60"]
[WhiteElo "2508"]
[BlackElo "2313"]
[Annotator "RC"]
[PlyCount "157"]
[EventDate "2023.10.04"]
[EventType "swiss"]
[EventCountry "GER"]
[SourceTitle "playchess.com"]
[Source "ChessBase"]
[SourceQuality "1"]
[TimeControl "40/5400+30:1800+30"]

1. e4 e5 2. Nf3 Nc6 3. Bb5 Nge7 4. Nc3 Ng6 5. d4 Nxd4 6. Nxd4 exd4 7. Qxd4 c6 8. Be2 Qb6 9. Qd3 Be7 10. O-O O-O 11. a4 d6 12. a5 Qc7 13. Bh5 Ne5 14. Qg3 f5 15. Be2 Ng6 16. f4 fxe4 17. Nxe4 Bf5 18. Qb3+ d5 19. Ng3 Bc5+ 20. Kh1 Rae8 21. Bh5 Qd7 22. Bd2 Kh8 23. Rac1 b6 24. axb6 axb6 25. Qf3 Be4 26. Qg4 Qxg4 27. Bxg4 Nh4 28. Nxe4 Rxe4 29. Rce1 Nf5 30. Bf3 Rxe1 31. Rxe1 Kg8 32. c3 Kf7 33. b4 Be7 34. b5 Nh4 35. Bg4 cxb5 36. g3 Ng6 37. Be6+ Ke8 38. Bxd5 Rf6 39. Be3 Rd6 40. Be4 Kd8 41. f5 Ne5 42. Bf4 Bf6 43. Rb1 Nd3 44. Bxd6 Nf2+ 45. Kg2 Nxe4 46. Bb4 Nxc3 47. Bxc3 Bxc3 48. Rxb5 Kc7 49. Kf3 Kc6 50. Rb3 Bf6 51. g4 b5 52. Ke4 Kc5 53. Ra3 b4 54. Ra7 b3 55. Kd3 h6 56. Ra5+ Kd6 57. Rb5 b2 58. Kc2 Kc6 59. Rb3 Kd5 60. Re3 Be5 61. h4 Bf6 62. Re6 Bxh4 63. Kxb2 Bf6+ 64. Kc2 Kd4 65. Re2 Be5 66. Kd2 Bf4+ 67. Ke1 Be3 68. Ra2 Bg5 69. Ke2 Ke4 70. Ra4+ Ke5 71. Kf3 Bd8 72. Ra6 Bf6 73. Re6+ Kd5 74. Rxf6 gxf6 75. Kg3 Ke5 76. Kh4 Kf4 77. Kh5 Kg3 78. Kxh6 Kxg4 79. Kg6 1-0

[Event "26th OIBM 2023"]
[Site "Gmund am Tegernsee"]
[Date "2023.11.05"]
[Round "9.9"]
[White "Reimann, Sebastian"]
[Black "Meins, Gerlef"]
[Result "1-0"]
[ECO "B89"]
[WhiteElo "2342"]
[BlackElo "2412"]
[Annotator "RC"]
[PlyCount "103"]
[EventDate "2023.10.04"]
[EventType "swiss"]
[EventCountry "GER"]
[SourceTitle "playchess.com"]
[Source "ChessBase"]
[SourceQuality "1"]
[TimeControl "40/5400+30:1800+30"]

1. e4 c5 2. Nf3 Nc6 3. d4 cxd4 4. Nxd4 Nf6 5. Nc3 d6 6. Bc4 e6 7. Be3 Be7 8. Qe2 a6 9. O-O-O Qc7 10. Nxc6 Qxc6 11. Bd3 O-O 12. f4 Nd7 13. Bd4 Nc5 14. f5 Re8 15. f6 Bxf6 16. Bxf6 gxf6 17. Qg4+ Kf8 18. Qh4 Nd7 19. Qxh7 Qc5 20. Be2 Ke7 21. Rd2 Nf8 22. Qh5 Qxh5 23. Bxh5 b5 24. Rhd1 Rd8 25. Rd4 Bb7 26. a4 Bc6 27. axb5 axb5 28. Be2 Rab8 29. Rb4 Ng6 30. Nxb5 Ne5 31. Rdd4 Rh8 32. h3 f5 33. exf5 Bxg2 34. fxe6 fxe6 35. Ra4 Nc6 36. Rg4 Bxh3 37. Rg7+ Kf6 38. Rc7 Bg2 39. Rg4 Rh2 40. Nxd6 Ne5 41. Rf4+ Kg6 42. Rc3 Rd8 43. Rg3+ Kh7 44. Rd4 Bd5 45. Nb5 Rf8 46. Nc3 Rff2 47. Re3 Nc4 48. Bd3+ Kh6 49. Re1 Nd2 50. Nxd5 Nf3 51. Rxe6+ Kg7 52. Re7+ 1-0

[Event "26th OIBM 2023"]
[Site "Gmund am Tegernsee"]
[Date "2023.11.05"]
[Round "9.10"]
[White "Meissner, Felix"]
[Black "Schneider, Jana"]
[Result "1-0"]
[ECO "C47"]
[WhiteElo "2382"]
[BlackElo "2285"]
[Annotator "RC"]
[PlyCount "135"]
[EventDate "2023.10.04"]
[EventType "swiss"]
[EventCountry "GER"]
[SourceTitle "playchess.com"]
[Source "ChessBase"]
[SourceQuality "1"]
[TimeControl "40/5400+30:1800+30"]

1. e4 e5 2. Nf3 Nc6 3. Nc3 Nf6 4. h3 d5 5. exd5 Nxd5 6. Bb5 Nxc3 7. bxc3 Bd6 8. O-O O-O 9. d4 exd4 10. cxd4 h6 11. c4 Qf6 12. Be3 Rd8 13. Bxc6 bxc6 14. Nd2 Qg6 15. Qf3 Bf5 16. c5 Be7 17. Kh1 Rd5 18. Qf4 Bf6 19. Rfe1 Rc8 20. Nf1 Bd3 21. Ng3 h5 22. Ne2 Rd7 23. Rad1 Rcd8 24. Qg3 h4 25. Qxg6 Bxg6 26. Rd2 Rb8 27. Nf4 Bf5 28. Red1 Rb5 29. Ne2 Be6 30. Nc3 Rb4 31. Kg1 Rc4 32. Ne4 Be7 33. Rb1 Bf5 34. f3 Kh7 35. Rb3 Ra4 36. Nc3 Ra5 37. a4 Be6 38. Rb7 Bf6 39. Kf2 Bc4 40. Rb4 Ba6 41. Ne4 Be7 42. Ke1 f5 43. Ng5+ Kg6 44. f4 Bxg5 45. fxg5 Re7 46. Kf2 Re4 47. Rdb2 f4 48. Bd2 Kxg5 49. Ra2 Bd3 50. Bc3 Re3 51. Be1 Kf5 52. Rbb2 Ra6 53. a5 Ke4 54. Ra4 Bb5 55. Raa2 Kxd4 56. Rb4+ Ke5 57. Bd2 Re2+ 58. Kf3 Rxa5 59. Bxf4+ Kd5 60. Rxa5 Rc2 61. Be3 Be2+ 62. Kf4 Bc4 63. Ra1 a5 64. Rxa5 Rxg2 65. Ra8 Be2 66. Re4 g5+ 67. Kf5 Bg4+ 68. hxg4 1-0

[Event "26th OIBM 2023"]
[Site "Gmund am Tegernsee"]
[Date "2023.11.05"]
[Round "9.11"]
[White "Morawietz, Dieter"]
[Black "Cherniaiev, Tykhon"]
[Result "1/2-1/2"]
[ECO "A46"]
[WhiteElo "2378"]
[BlackElo "2278"]
[Annotator "RC"]
[PlyCount "79"]
[EventDate "2023.10.04"]
[EventType "swiss"]
[EventCountry "GER"]
[SourceTitle "playchess.com"]
[Source "ChessBase"]
[SourceQuality "1"]
[TimeControl "40/5400+30:1800+30"]

1. Nf3 Nf6 2. d4 e6 3. Bg5 h6 4. Bxf6 Qxf6 5. e4 g5 6. c3 Bg7 7. Na3 a6 8. Bd3 d6 9. Qe2 e5 10. dxe5 dxe5 11. Nc4 Nc6 12. Ne3 Be6 13. Bc4 Ne7 14. Bxe6 Qxe6 15. Qc4 Qxc4 16. Nxc4 g4 17. Nfd2 h5 18. h3 gxh3 19. Rxh3 Ng6 20. g3 h4 21. Ke2 O-O-O 22. Rah1 hxg3 23. fxg3 Rxh3 24. Rxh3 Rh8 25. Rxh8+ Nxh8 26. Nf3 Ng6 27. Ne3 Kd7 28. Nf5 Bf6 29. Ne1 Nf8 30. Nd3 b6 31. Nb4 a5 32. Nd5 Bd8 33. Nde3 Ke6 34. a4 Nd7 35. b4 c6 36. Nc4 axb4 37. cxb4 b5 38. axb5 cxb5 39. Na3 Nb8 40. Nxb5 1/2-1/2

[Event "26th OIBM 2023"]
[Site "Gmund am Tegernsee"]
[Date "2023.11.05"]
[Round "9.12"]
[White "Solomon, Kenny"]
[Black "Hess, Max"]
[Result "0-1"]
[ECO "B12"]
[WhiteElo "2300"]
[BlackElo "2378"]
[Annotator "RC"]
[PlyCount "100"]
[EventDate "2023.10.04"]
[EventType "swiss"]
[EventCountry "GER"]
[SourceTitle "playchess.com"]
[Source "ChessBase"]
[SourceQuality "1"]
[TimeControl "40/5400+30:1800+30"]

1. e4 c6 2. d4 d5 3. e5 Bf5 4. Nf3 e6 5. Be2 Ne7 6. O-O h6 7. Nbd2 Nd7 8. Nb3 Bh7 9. a4 Qc7 10. Bd2 Ng6 11. a5 Be7 12. c4 dxc4 13. Bxc4 O-O 14. Qe2 Rac8 15. Rfc1 Qb8 16. g3 Rfd8 17. h4 Ngf8 18. Bf4 b5 19. axb6 axb6 20. Ne1 Ng6 21. Be3 c5 22. h5 Ngf8 23. Bf4 Bg5 24. Bxg5 hxg5 25. Ba6 Rc7 26. Nf3 cxd4 27. g4 d3 28. Qe3 Rxc1+ 29. Rxc1 Nc5 30. Nxc5 bxc5 31. Qxg5 Qxb2 32. h6 Bg6 33. hxg7 Kxg7 34. Rf1 Ra8 35. Bc4 Nh7 36. Qe3 Ra4 37. Nd2 Ra1 38. Rxa1 Qxa1+ 39. Kg2 Qc3 40. f4 Qc2 41. Kg3 Qc3 42. Ba6 Nf8 43. Bc8 Qc1 44. f5 c4 45. f6+ Kh7 46. Qf2 c3 47. Qh2+ Kg8 48. Nf3 Qe3 49. Bb7 c2 50. g5 c1=Q 0-1

[Event "26th OIBM 2023"]
[Site "Gmund am Tegernsee"]
[Date "2023.11.05"]
[Round "9.13"]
[White "Bracker, Arne"]
[Black "Manish Anto Cristiano F"]
[Result "0-1"]
[ECO "B52"]
[WhiteElo "2279"]
[BlackElo "2368"]
[Annotator "RC"]
[PlyCount "54"]
[EventDate "2023.10.04"]
[EventType "swiss"]
[EventCountry "GER"]
[SourceTitle "playchess.com"]
[Source "ChessBase"]
[SourceQuality "1"]
[TimeControl "40/5400+30:1800+30"]

1. e4 c5 2. Nf3 d6 3. Bb5+ Bd7 4. Bxd7+ Qxd7 5. O-O Nc6 6. c3 Nf6 7. Qe2 e6 8. d4 cxd4 9. cxd4 d5 10. e5 Ne4 11. Nbd2 Nxd2 12. Bxd2 Be7 13. Rac1 O-O 14. Rfd1 Rac8 15. h4 f5 16. exf6 Bxf6 17. Bg5 h6 18. Bxf6 Rxf6 19. Rc3 Rcf8 20. Re3 Qf7 21. a3 Qg6 22. Rdd3 Qg4 23. g3 Rf4 24. Kg2 R8f6 25. Qd1 a6 26. Qc2 Rxf3 27. Rxf3 Rxf3 0-1

[Event "26th OIBM 2023"]
[Site "Gmund am Tegernsee"]
[Date "2023.11.05"]
[Round "9.14"]
[White "Kurmangaliyeva, Liya"]
[Black "Colpe, Malte"]
[Result "1-0"]
[ECO "E04"]
[WhiteElo "2236"]
[BlackElo "2386"]
[Annotator "RC"]
[PlyCount "81"]
[EventDate "2023.10.04"]
[EventType "swiss"]
[EventCountry "GER"]
[SourceTitle "playchess.com"]
[Source "ChessBase"]
[SourceQuality "1"]
[TimeControl "40/5400+30:1800+30"]

1. d4 Nf6 2. c4 e6 3. Nf3 d5 4. g3 dxc4 5. Bg2 Nbd7 6. O-O c6 7. a4 b6 8. Nfd2 Ba6 9. Bxc6 Rc8 10. Bb5 Bb7 11. Nc3 h5 12. e4 h4 13. Qe2 Bb4 14. Bxc4 hxg3 15. fxg3 Nb8 16. Qd3 Nc6 17. Nf3 Na5 18. Bb5+ Kf8 19. Bg5 Bxc3 20. bxc3 Bxe4 21. Qxe4 Nxe4 22. Bxd8 Rxd8 23. Ne5 Nf6 24. g4 Ra8 25. g5 a6 26. Bd3 Rg8 27. Kh1 Nd5 28. Bh7 f6 29. Bxg8 Kxg8 30. gxf6 gxf6 31. Rg1+ Kh7 32. Rg4 Rg8 33. Rh4+ Kg7 34. Rg1+ Kf8 35. Nd7+ Ke8 36. Rxg8+ Kxd7 37. Rh7+ Kd6 38. Rd8+ Kc6 39. Rc8+ Kd6 40. h4 Nc6 41. h5 1-0

[Event "26th OIBM 2023"]
[Site "Gmund am Tegernsee"]
[Date "2023.11.05"]
[Round "9.15"]
[White "Raupp, Thomas"]
[Black "Gallego Alcaraz, Andres Felipe"]
[Result "1/2-1/2"]
[ECO "E92"]
[WhiteElo "2239"]
[BlackElo "2495"]
[Annotator "RC"]
[PlyCount "230"]
[EventDate "2023.10.04"]
[EventType "swiss"]
[EventCountry "GER"]
[SourceTitle "playchess.com"]
[Source "ChessBase"]
[SourceQuality "1"]
[TimeControl "40/5400+30:1800+30"]

1. d4 Nf6 2. c4 g6 3. Nc3 Bg7 4. e4 d6 5. Be2 O-O 6. Be3 Na6 7. Nf3 e5 8. d5 Ng4 9. Bg5 f6 10. Bh4 Nh6 11. Nd2 g5 12. Bg3 f5 13. exf5 Nxf5 14. Nde4 b6 15. O-O Nc5 16. b4 Nxe4 17. Nxe4 a5 18. a3 axb4 19. axb4 Rxa1 20. Qxa1 g4 21. Qd1 h5 22. h3 Nxg3 23. fxg3 Bh6 24. Rxf8+ Qxf8 25. Qf1 Be3+ 26. Kh2 Qxf1 27. Bxf1 Bf5 28. Bd3 b5 29. cxb5 Kf8 30. Bb1 Ke7 31. Bd3 Bg6 32. Kh1 Bd4 33. Kh2 Be8 34. Kh1 Bd7 35. Kh2 Be3 36. Bc4 Bc1 37. Be2 Bf5 38. Bd3 Be3 39. Bb1 Kf8 40. Bd3 Kg7 41. Bb1 Bc1 42. Bd3 Ba3 43. hxg4 hxg4 44. Kg1 Bxb4 45. Kf2 Kh6 46. Ke2 Ba5 47. Ke3 Bb6+ 48. Ke2 Bg6 49. Bc2 Bf7 50. Bb3 Kg6 51. Bc2 Kg7 52. Bb3 Bd4 53. Ba2 Be8 54. Bc4 Bd7 55. Bd3 Bb6 56. Bc4 Ba5 57. Bd3 Bb4 58. Bc4 Ba3 59. Bd3 Kf7 60. Bc4 Ke7 61. Bd3 Bc1 62. Kd1 Bh6 63. Ke2 Bg7 64. Kd2 Bc8 65. Ke2 Bf8 66. Bc2 Kf7 67. Ng5+ Kg7 68. Ne4 Be7 69. Ke3 Bd7 70. Bd3 Kf7 71. Be2 Bf5 72. Bd3 Bc8 73. Bc2 Kg7 74. Bd1 Bd8 75. Bc2 Bb7 76. Bb3 Kg6 77. Bc2 Kg7 78. Bb3 Bc8 79. Bc2 Bd7 80. Bd3 Be7 81. Be2 Kg6 82. Bd3 Kh6 83. Ke2 Be8 84. Ke3 Bf7 85. Bc4 Kg6 86. Bd3 Kg7 87. Bc4 Kf8 88. Nf2 Bg5+ 89. Ke2 Ke7 90. Ne4 Bh6 91. Bb3 Kd7 92. Kd3 Kc8 93. b6 Bg6 94. bxc7 Kxc7 95. Bc2 Bf5 96. Kc4 Bc8 97. Bd3 Be3 98. Kb5 Bd7+ 99. Kb4 Bd4 100. Bb5 Bf5 101. Bd3 Kb6 102. Kc4 Bc8 103. Kb4 Bb7 104. Bc4 Be3 105. Ka4 Bc5 106. Kb3 Bc8 107. Be2 Bf5 108. Bd3 Bd7 109. Bc4 Ka5 110. Nf6 Bf5 111. Be2 Bd4 112. Kc4 Bf2 113. Bxg4 Bb1 114. Bf3 Bxg3 115. Ne4 Bxe4 1/2-1/2

[Event "26th OIBM 2023"]
[Site "Gmund am Tegernsee"]
[Date "2023.11.05"]
[Round "9.16"]
[White "Heidel, Andre Nicolas"]
[Black "Zawadzka, Jolanta"]
[Result "0-1"]
[ECO "E90"]
[WhiteElo "2171"]
[BlackElo "2342"]
[Annotator "RC"]
[PlyCount "64"]
[EventDate "2023.10.04"]
[EventType "swiss"]
[EventCountry "GER"]
[SourceTitle "playchess.com"]
[Source "ChessBase"]
[SourceQuality "1"]
[TimeControl "40/5400+30:1800+30"]

1. d4 Nf6 2. c4 g6 3. Nc3 Bg7 4. e4 d6 5. Nf3 O-O 6. h3 e5 7. d5 a5 8. Be3 Na6 9. g4 Nc5 10. Qc2 Bd7 11. Rg1 c6 12. O-O-O cxd5 13. Bxc5 dxc5 14. exd5 e4 15. Nd2 a4 16. a3 Qc7 17. Ndxe4 Nxe4 18. Qxe4 f5 19. d6 Qb6 20. Qd5+ Kh8 21. Nb5 fxg4 22. hxg4 Rxf2 23. Rd2 Rxd2 24. Qxd2 Bxb5 25. cxb5 Rd8 26. Qc2 Qxd6 27. Kb1 Qd4 28. Rg2 Qd1+ 29. Qc1 Qf3 30. Re2 Bh6 31. Qe1 Qd3+ 32. Ka1 Qd1+ 0-1

[Event "26th OIBM 2023"]
[Site "Gmund am Tegernsee"]
[Date "2023.11.05"]
[Round "9.17"]
[White "Zude, Arno"]
[Black "Stricker, Florian"]
[Result "1-0"]
[ECO "B08"]
[WhiteElo "2333"]
[BlackElo "2238"]
[Annotator "RC"]
[PlyCount "59"]
[EventDate "2023.10.04"]
[EventType "swiss"]
[EventCountry "GER"]
[SourceTitle "playchess.com"]
[Source "ChessBase"]
[SourceQuality "1"]
[TimeControl "40/5400+30:1800+30"]

1. e4 d6 2. d4 Nf6 3. Nc3 g6 4. Nf3 Bg7 5. Be2 O-O 6. O-O e5 7. dxe5 dxe5 8. Nxe5 Nxe4 9. Nxe4 Bxe5 10. Bg5 Qxd1 11. Raxd1 Nc6 12. c3 Be6 13. Nc5 Bxa2 14. Bf3 Bg7 15. Bf4 Ne5 16. Bxb7 Rab8 17. Rfe1 Rfe8 18. h3 f5 19. b4 Bf7 20. Re3 h6 21. Bd5 Bxd5 22. Rxd5 Nc4 23. Red3 Ne5 24. Bxe5 Bxe5 25. Nd7 Bd6 26. Nf6+ Kf7 27. Nxe8 Rxe8 28. g3 f4 29. gxf4 Bxf4 30. Ra5 1-0

[Event "26th OIBM 2023"]
[Site "Gmund am Tegernsee"]
[Date "2023.11.05"]
[Round "9.18"]
[White "Nguyen, Alex Dac-Vuong"]
[Black "Ciolek, Andreas"]
[Result "0-1"]
[ECO "D38"]
[WhiteElo "2333"]
[BlackElo "2215"]
[Annotator "RC"]
[PlyCount "74"]
[EventDate "2023.10.04"]
[EventType "swiss"]
[EventCountry "GER"]
[SourceTitle "playchess.com"]
[Source "ChessBase"]
[SourceQuality "1"]
[TimeControl "40/5400+30:1800+30"]

1. c4 Nf6 2. Nc3 e6 3. d4 d5 4. Nf3 Bb4 5. Qa4+ Nc6 6. e3 O-O 7. Qc2 Re8 8. a3 Bf8 9. b4 e5 10. cxd5 Nxd4 11. Qd1 Nxd5 12. Nxd5 Qxd5 13. exd4 exd4+ 14. Be2 d3 15. Be3 Bf5 16. Qd2 a5 17. O-O Red8 18. Bd1 axb4 19. Qc1 bxa3 20. Nd4 d2 21. Qxc7 Rac8 22. Qf4 Bd3 23. Bb3 Bc4 24. Bxc4 Rxc4 25. Rfd1 Rxd4 26. Bxd4 Qxd4 27. Qxd4 Rxd4 28. Rab1 Bb4 29. f3 g5 30. Kf2 Bc3 31. Rb3 Bb2 32. Rxb7 Ra4 33. Ke2 Bc1 34. Rb1 a2 35. Ra1 Bb2 36. Kxd2 Rd4+ 37. Kc2 Rxd1 0-1

[Event "26th OIBM 2023"]
[Site "Gmund am Tegernsee"]
[Date "2023.11.05"]
[Round "9.19"]
[White "Ammon, Tobias"]
[Black "Forchert, Martin"]
[Result "1/2-1/2"]
[ECO "B04"]
[WhiteElo "2145"]
[BlackElo "2317"]
[Annotator "RC"]
[PlyCount "82"]
[EventDate "2023.10.04"]
[EventType "swiss"]
[EventCountry "GER"]
[SourceTitle "playchess.com"]
[Source "ChessBase"]
[SourceQuality "1"]
[TimeControl "40/5400+30:1800+30"]

1. e4 Nf6 2. e5 Nd5 3. d4 d6 4. Nf3 dxe5 5. Nxe5 c6 6. Be2 Bf5 7. O-O Nd7 8. Nf3 e6 9. c4 N5f6 10. Nc3 Bd6 11. Nh4 Bg6 12. Re1 O-O 13. Nxg6 hxg6 14. c5 Bc7 15. b4 Nd5 16. Nxd5 exd5 17. Be3 Re8 18. g3 f5 19. Qd2 Nf8 20. a4 Ne6 21. f4 Re7 22. Qd3 Qd7 23. Bd2 Rae8 24. Bf3 Nf8 25. Reb1 Qd8 26. Re1 Nh7 27. Rxe7 Rxe7 28. Re1 Rxe1+ 29. Bxe1 Nf6 30. Bd2 Ne4 31. Bc1 Qd7 32. b5 Bd8 33. Kg2 g5 34. bxc6 bxc6 35. Qa6 Bf6 36. Qd3 g4 37. Bd1 Qb7 38. Ba3 Qc7 39. Bb4 Qb7 40. Ba3 Qc7 41. Bb4 Qb7 1/2-1/2

[Event "26th OIBM 2023"]
[Site "Gmund am Tegernsee"]
[Date "2023.11.05"]
[Round "9.20"]
[White "Baerwinkel, Tobias"]
[Black "Imnadze, Nato"]
[Result "1-0"]
[ECO "E05"]
[WhiteElo "2315"]
[BlackElo "2207"]
[Annotator "RC"]
[PlyCount "129"]
[EventDate "2023.10.04"]
[EventType "swiss"]
[EventCountry "GER"]
[SourceTitle "playchess.com"]
[Source "ChessBase"]
[SourceQuality "1"]
[TimeControl "40/5400+30:1800+30"]

1. d4 Nf6 2. c4 e6 3. g3 d5 4. Bg2 Be7 5. Nf3 O-O 6. O-O dxc4 7. Qc2 b5 8. a4 b4 9. Nfd2 c6 10. Nxc4 Qxd4 11. Rd1 Qc5 12. Be3 Qh5 13. Nbd2 Ng4 14. Nf3 Nxe3 15. Nxe3 Bf6 16. Nd4 Ba6 17. Bf3 Qa5 18. Ng4 Qg5 19. h4 Qg6 20. Qxg6 hxg6 21. Nxf6+ gxf6 22. Nb3 e5 23. Na5 Bc8 24. Rd6 Bf5 25. Rc1 e4 26. Bg2 Kg7 27. Rc4 Re8 28. g4 Bxg4 29. Rxe4 Rxe4 30. Bxe4 Nd7 31. Bxc6 Rh8 32. Bxd7 Rd8 33. Rd4 Be6 34. Rxb4 Rxd7 35. f3 Rc7 36. Kf2 Bd5 37. e4 Be6 38. Rb7 Rc2+ 39. Ke3 a6 40. Rb6 Bd7 41. b3 Be6 42. Rxa6 Bxb3 43. Nxb3 Rc3+ 44. Kf2 Rxb3 45. a5 Ra3 46. Ra8 Ra2+ 47. Kg3 Ra4 48. a6 Kh7 49. Kf2 Ra3 50. Ke2 Kg7 51. f4 Ra4 52. Ke3 Ra5 53. Kd4 Ra4+ 54. Kc5 Rxe4 55. Rc8 Ra4 56. Kb5 Ra1 57. Rc4 g5 58. Ra4 Rb1+ 59. Kc6 Rb8 60. hxg5 fxg5 61. fxg5 Kg6 62. a7 Ra8 63. Kb7 Rxa7+ 64. Rxa7 Kxg5 65. Kc6 1-0

[Event "26th OIBM 2023"]
[Site "Gmund am Tegernsee"]
[Date "2023.11.05"]
[Round "9.21"]
[White "Mai, Philipp"]
[Black "Khrapko, Marharyta"]
[Result "0-1"]
[ECO "B32"]
[WhiteElo "2313"]
[BlackElo "2170"]
[Annotator "RC"]
[PlyCount "78"]
[EventDate "2023.10.04"]
[EventType "swiss"]
[EventCountry "GER"]
[SourceTitle "playchess.com"]
[Source "ChessBase"]
[SourceQuality "1"]
[TimeControl "40/5400+30:1800+30"]

1. e4 c5 2. Nf3 Nc6 3. d4 cxd4 4. Nxd4 e5 5. Nb5 d6 6. N1c3 a6 7. Na3 Be7 8. Nc4 b5 9. Ne3 Nf6 10. Bd3 O-O 11. O-O Nb4 12. Be2 Be6 13. a3 Nc6 14. Bd3 Nd7 15. Ncd5 Nc5 16. b4 Nxd3 17. Qxd3 Bg5 18. Bb2 Qb8 19. Rfd1 Rd8 20. Bc1 Qb7 21. Bd2 Rac8 22. Rac1 Nd4 23. Nf1 Bxd2 24. Nxd2 Bxd5 25. exd5 Rc3 26. Qf1 Rxc2 27. Rxc2 Nxc2 28. Nb3 Nxa3 29. Na5 Qa8 30. Qd3 Nc4 31. Nxc4 bxc4 32. Qxc4 Rc8 33. Qd3 Qb7 34. h3 g6 35. Ra1 Qxb4 36. Rxa6 Qe1+ 37. Kh2 Qxf2 38. Rxd6 Rc1 39. Rc6 Qf4+ 0-1

[Event "26th OIBM 2023"]
[Site "Gmund am Tegernsee"]
[Date "2023.11.05"]
[Round "9.23"]
[White "Linster, Philippe"]
[Black "Arnhold, Steffi"]
[Result "1/2-1/2"]
[ECO "A29"]
[WhiteElo "2303"]
[BlackElo "2142"]
[Annotator "RC"]
[PlyCount "27"]
[EventDate "2023.10.04"]
[EventType "swiss"]
[EventCountry "GER"]
[SourceTitle "playchess.com"]
[Source "ChessBase"]
[SourceQuality "1"]
[TimeControl "40/5400+30:1800+30"]

1. c4 e5 2. g3 Nf6 3. Bg2 d5 4. cxd5 Nxd5 5. Nc3 Nb6 6. Nf3 Nc6 7. O-O Be7 8. d3 O-O 9. Be3 Be6 10. Rc1 f6 11. d4 exd4 12. Nxd4 Nxd4 13. Bxd4 c6 14. e4 1/2-1/2

[Event "26th OIBM 2023"]
[Site "Gmund am Tegernsee"]
[Date "2023.11.05"]
[Round "9.24"]
[White "Nagel, Bernhard"]
[Black "Hrebenshchykova, Yelyzaveta"]
[Result "0-1"]
[ECO "A12"]
[WhiteElo "2142"]
[BlackElo "2299"]
[Annotator "RC"]
[PlyCount "62"]
[EventDate "2023.10.04"]
[EventType "swiss"]
[EventCountry "GER"]
[SourceTitle "playchess.com"]
[Source "ChessBase"]
[SourceQuality "1"]
[TimeControl "40/5400+30:1800+30"]

1. Nf3 d5 2. e3 Nf6 3. c4 g6 4. b3 Bg7 5. Bb2 c6 6. Be2 O-O 7. O-O a5 8. Nc3 Ne4 9. Rc1 Nd7 10. cxd5 cxd5 11. Qc2 Nxc3 12. dxc3 Nb6 13. Rfd1 Qc7 14. c4 Bf5 15. Qd2 Bxb2 16. Qxb2 dxc4 17. Bxc4 Nxc4 18. Rxc4 Rad8 19. Rxd8 Qxd8 20. h3 f6 21. e4 Qd1+ 22. Kh2 Qd6+ 23. Kg1 Be6 24. Rd4 Qc7 25. Rd2 Qf4 26. Nd4 Rd8 27. g3 Qxe4 28. Re2 Qxd4 29. Qxd4 Rxd4 30. Rxe6 Kf7 31. Rb6 Rb4 0-1

[Event "26th OIBM 2023"]
[Site "Gmund am Tegernsee"]
[Date "2023.11.05"]
[Round "9.25"]
[White "Bettalli, Francesco"]
[Black "Waldschmidt, Georg"]
[Result "1-0"]
[ECO "C45"]
[WhiteElo "2274"]
[BlackElo "2141"]
[Annotator "RC"]
[PlyCount "97"]
[EventDate "2023.10.04"]
[EventType "swiss"]
[EventCountry "GER"]
[SourceTitle "playchess.com"]
[Source "ChessBase"]
[SourceQuality "1"]
[TimeControl "40/5400+30:1800+30"]

1. e4 e5 2. Nf3 Nc6 3. d4 exd4 4. Nxd4 Nf6 5. Nxc6 bxc6 6. e5 Qe7 7. Qe2 Nd5 8. h4 Qe6 9. Nd2 a5 10. a3 a4 11. Qe4 Be7 12. Bd3 d6 13. c4 f5 14. Qf3 dxe5 15. cxd5 cxd5 16. Be2 O-O 17. Qc3 c5 18. Nf3 Bd6 19. Ng5 Qe7 20. Qf3 e4 21. Qh5 g6 22. Qh6 Ra7 23. h5 Rf6 24. Bd2 gxh5 25. Qxh5 Rg6 26. Nh3 Qg7 27. Nf4 Bxf4 28. Bxf4 Qxb2 29. O-O Qg7 30. g3 Rb7 31. Rab1 Rb3 32. Bb5 Qb7 33. Rxb3 axb3 34. Be8 Re6 35. Qg5+ Qg7 36. Qd8 Qf8 37. Qxc8 Rxe8 38. Qb7 Qf7 39. Qxb3 d4 40. Qb6 Qd5 41. Qf6 Re6 42. Qg5+ Rg6 43. Qe7 Re6 44. Qa7 Rf6 45. Rb1 Rf7 46. Rb8+ Kg7 47. Qa6 Rf6 48. Rb7+ Kg6 49. Qa7 1-0

[Event "26th OIBM 2023"]
[Site "Gmund am Tegernsee"]
[Date "2023.11.05"]
[Round "9.26"]
[White "Neukirchner, Pascal"]
[Black "Willim, Michael"]
[Result "1-0"]
[ECO "D73"]
[WhiteElo "2265"]
[BlackElo "2138"]
[Annotator "RC"]
[PlyCount "67"]
[EventDate "2023.10.04"]
[EventType "swiss"]
[EventCountry "GER"]
[SourceTitle "playchess.com"]
[Source "ChessBase"]
[SourceQuality "1"]
[TimeControl "40/5400+30:1800+30"]

1. Nf3 d5 2. g3 g6 3. Bg2 Bg7 4. d4 c6 5. O-O Nf6 6. c4 dxc4 7. a4 O-O 8. Na3 c5 9. Nxc4 Nc6 10. dxc5 Be6 11. Nfe5 Nxe5 12. Nxe5 Qc7 13. Nd3 Rad8 14. Bf4 Qc8 15. Rc1 Bd5 16. Qc2 Qe6 17. Bxd5 Rxd5 18. f3 Rfd8 19. Rfd1 Nh5 20. e4 Bd4+ 21. Kg2 R5d7 22. Bh6 Qf6 23. h4 Qc6 24. b4 Qc7 25. Bf4 Nxf4+ 26. Nxf4 Be3 27. Nd5 Rxd5 28. Rxd5 Bxc1 29. Qxc1 e6 30. Rxd8+ Qxd8 31. b5 Qd3 32. c6 bxc6 33. bxc6 Qe2+ 34. Kh3 1-0